Map: Pillars of Gold LE

Players

MarcoMan - Winner!

  • Race: Protoss Protoss
  • League: Master
  • Spawn Location: 1:00

SticksBender

  • Race: Protoss Protoss
  • League: Master
  • Spawn Location: 7:00

VOD

Have the link to the VOD?

Description

Time

  • Played on: Jan. 17, 2021, 3:24 p.m.
  • Length: 6:05
Show
View Real Time Build Order
Export as new Build Order

MarcoMan Protoss - Winner!

Build Orders: Oracle Opening 

Get SALT Encoding   

  12  0:02  Probe  
  13  0:14  Probe  
  14  0:20  Pylon  
  14  0:26  Probe  
  15  0:38  Probe  
  15  0:42  Gateway  
  16  0:50  Probe  
  16  0:51  Assimilator  
  17  1:02  Probe  
  17  1:03  Assimilator  
  18  1:14  Probe  
  19  1:19  Gateway  
  19  1:26  Probe  
  19  1:31  Cybernetics Core  
  20  1:38  Probe  
  21  1:43  Pylon  
  21  1:51  Probe  
  22  2:07  Adept  
  22  2:08  Adept, Warp Gate  
  26  2:14  Probe  
  27  2:24  Pylon  
  27  2:30  Stargate  
  27  2:41  Stalker (Chrono Boost)  
  29  2:54  Stalker (Chrono Boost)  
  31  3:01  Pylon  
  31  3:15  Oracle (Chrono Boost)  
  34  3:48  Nexus  
  34  3:58  Shield Battery  
  34  4:00  Oracle (Chrono Boost)  
  37  4:16  Shield Battery  
  37  4:23  Sentry, Stalker  
  39  4:34  Void Ray (Chrono Boost)  
  43  4:51  Sentry  
  43  4:52  Stalker  
  45  4:59  Shield Battery  
  45  5:02  Pylon  
  45  5:03  Shield Battery  
  34  5:29  Stalker x2  
Show
View Real Time Build Order
Export as new Build Order

SticksBender Protoss 

Build Orders:  

Get SALT Encoding   

  13  0:07  Probe  
  13  0:19  Probe  
  14  0:22  Pylon  
  14  0:31  Probe  
  15  0:40  Gateway  
  15  0:43  Probe  
  16  0:52  Assimilator  
  16  0:55  Probe  
  17  1:05  Assimilator  
  17  1:07  Probe  
  18  1:19  Probe (Chrono Boost)  
  18  1:20  Gateway  
  19  1:31  Probe (Chrono Boost)  
  20  1:33  Cybernetics Core  
  20  1:36  Probe (Chrono Boost)  
  21  1:46  Probe  
  22  1:58  Probe  
  23  2:14  Warp Gate (Chrono Boost), Pylon  
  23  2:32  Stalker x2  
  27  2:37  Pylon  
  27  2:41  Probe  
  28  2:46  Gateway  
  28  3:02  Stalker x2  
  32  3:08  Gateway  
  30  3:43  Pylon  
  28  3:56  Probe  
  28  3:59  Stalker  
  31  4:06  Stalker x2  
  35  4:10  Pylon  
  35  4:14  Pylon  
  36  4:17  Probe  
  35  4:35  Stalker x2  
  35  4:37  Stalker, Pylon  
  26  4:58  Probe (Chrono Boost)  
  13  5:37  Probe (Chrono Boost)  
Tags
 
Matchup
PvP
Replay Pack
Weekend
Spawn Locations
Cross Positions
Add a new tag
Caveats
  • Supply blocks, unpowered buildings, or Contaminate may cause inaccurate times.
  • Supply counts are checked every 10 seconds.